 Dungeon Crawl Stone Soup version 0.21.1-1-g345015f (webtiles) character file.

35 inc the Scratcher (level 3, 17/17 HPs)
             Began as a Felid Monk on Apr 21, 2018.
             Quit the game on level 4 of the Dungeon.
             The game lasted 00:04:01 (2416 turns).

inc the Scratcher (Felid Monk)                      Turns: 2416, Time: 00:04:02

Health: 17/17      AC:  1    Str:  7    XL:     3   Next: 17%
Magic:  4/4        EV: 22    Int: 12    God:
Gold:   130        SH:  0    Dex: 18    Spells: 2/2 levels left
                                        Lives:  0   Deaths: 1

rFire    . . .     SeeInvis +     - Unarmed
rCold    . . .     Gourm    .   (shield unavailable)
rNeg     . . .     Faith    .   (armour unavailable)
rPois    .         Spirit   .   (helmet unavailable)
rElec    .         Reflect  .   (cloak unavailable)
rCorr    .         Harm     .   (gloves unavailable)
MR       .....                  (boots unavailable)
Stlth    +++.......             (no amulet)
HPRegen  0.05/turn              b - +3 ring of evasion
MPRegen  0.09/turn              (no ring)

@: quick
A: very small, no armour, no weapons or thrown items, stealth, claws 1, fangs 3,
see invisible, carnivore, speed 1, shaggy fur 1, slow metabolism 1, sharp paws
a: no special abilities


You were on level 4 of the Dungeon.
You were not hungry.

You visited 1 branch of the dungeon, and saw 4 of its levels.

You collected 130 gold pieces.

Inventory:

Jewellery
 b - a +3 ring of evasion (left paw)
Scrolls
 c - a scroll of fear {unknown}
 d - 2 scrolls of identify {unknown}
 f - 2 scrolls of blinking {unknown}
 i - a scroll of remove curse {unknown}
 j - a scroll of magic mapping {unknown}
Potions
 e - 2 potions of brilliance {unknown}
 g - a potion of mutation {unknown}
 h - a potion of lignification {unknown}
Comestibles
 a - 3 rations


   Skills:
 - Level 3.0 Fighting
 - Level 4.0 Dodging
 - Level 2.6 Stealth
 + Level 5.1 Unarmed Combat


You had 2 spell levels left.
You didn't know any spells.

Dungeon Overview and Level Annotations

Branches:
Dungeon (4/15)
 Temple: D:4-7

Altars:
Ru

Annotations:
D:3 Sigmund; bmj180's ghost, weakling DECj


Innate Abilities, Weirdness & Mutations

You cannot wear armour.
You are incapable of wielding weapons or throwing items.
Your paws allow you to move quietly. (Stealth)
You have sharp claws.
You have razor-sharp teeth.
You have supernaturally acute eyesight. (SInv)
You are carnivorous and can eat meat at any time.
You cover ground quickly.
You are covered in fur. (AC +1)
You have a slow metabolism.
Your sharp claws are effective at attacking unaware monsters.


Message History

You scratch the orc priest.
The orc priest is moderately wounded.
The orc hits you but does no damage.
The orc priest hits you with an enchanted hand axe!
You closely miss the orc priest. You bite the orc priest.
The orc priest is heavily wounded.
The orc completely misses you. The orc priest closely misses you.
You barely miss the orc priest.
The orc priest is heavily wounded.
The orc hits you with a short sword.
The orc priest hits you with an enchanted hand axe!
Ouch! That really hurt!
You die...
You are now level 3!
You rejoin the land of the living...
Unknown command.
Unknown command.
Unknown command.
Unknown command.
Are you sure you want to abandon this character and quit the game? (Confirm with "yes".)

#######
#.....###
#
+@.......
.
#........
%
#.....##.
# ......#
........
...######.
####


There were no monsters in sight!

Vanquished Creatures
  An ooze (D:1)
  An adder skeleton (D:4)
  A dart slug (D:1)
  2 orcs
  11 bats
  2 giant cockroaches
  12 hobgoblins
  4 jackals
  A quokka (D:2)
  3 ball pythons (D:3)
  A frilled lizard (D:1)
  6 goblins
  9 kobolds
  8 rats
62 creatures vanquished.

Notes
Turn   | Place    | Note
-------+----------+-------------------------------------------
     0 | D:1      | inc the Felid Monk began the quest for the Orb.
     0 | D:1      | Reached XP level 1. HP: 10/10 MP: 2/2
   377 | D:1      | Reached XP level 2. HP: 12/14 MP: 3/3
   661 | D:1      | Reached skill level 4 in Unarmed Combat
   941 | D:1      | Reached XP level 3. HP: 14/17 MP: 4/4
  1428 | D:3      | Found a glowing drain.
  1621 | D:3      | Noticed Sigmund
  1783 | D:3      | Found a sacrificial altar of Ru.
  1899 | D:2      | Reached XP level 4. HP: 19/21 MP: 5/5
  1970 | D:2      | Reached skill level 5 in Unarmed Combat
  2089 | D:3      | Noticed bmj180's ghost (weakling DECj)
  2415 | D:4      | Slain by an orc priest
  2416 | D:4      | Reached XP level 3. HP: -1/17 MP: 4/4
  2416 | D:4      | Quit the game

Skill      XL: |  1  2  3  4 |
---------------+-------------+-----
Unarmed Combat | 4 5 |  5.1
Fighting       | |  3.0
Dodging        | |  4.0
Stealth        | |  2.6

Action                   |  1- 3 |  4- 6 || total
-------------------------+-------+-------++-------
Melee: Unarmed           |   150 |    27 ||   177
       Bite              |     8 |     4 ||    12
  Use: Potion            |     1 |       ||     1
 Stab: Sleeping          |     6 |     3 ||     9
  Eat: Chunk             |     6 |       ||     6
Armor: Skin              |     8 |     2 ||    10
Dodge: Dodged            |   143 |    17 ||   160
